 Dungeon Crawl Stone Soup version 0.27.1-15-g792fb953b9 (webtiles) character file.

Game seed: 17923771146624310822

59 spaced the Ruffian (level 3, 0/28 HPs)
             Began as a Draconian Transmuter on Nov 19, 2021.
             Slain by a gnoll (12 damage)
             ... on level 3 of the Dungeon.
             The game lasted 00:08:40 (2070 turns).

spaced the Ruffian (Draconian Transmuter)           Turns: 2070, Time: 00:08:40

Health: 0/28       AC:  6    Str: 12    XL:     3   Next: 78%
Magic:  4/6        EV: 12    Int: 14    God:
Gold:   8          SH:  0    Dex: 11    Spells: 2/6 levels left

rFire    . . .     SeeInvis .     - Unarmed
rCold    . . .     Faith    .   (no shield)
rNeg     . . .     Spirit   .   (armour unavailable)
rPois    .         Reflect  .   (helmet restricted)
rElec    .         Harm     .   (no cloak)
rCorr    .         Rampage  .   (no gloves)
Will     .....                  g - +0 pair of boots
Stlth    +.........             (no amulet)
HPRegen  0.09/turn              (no ring)
MPRegen  0.10/turn              (no ring)

@: wereblooded
A: AC +5, unfitting armour, cold-blooded
a: no special abilities


You were on level 3 of the Dungeon.
You visited 1 branch of the dungeon, and saw 3 of its levels.

You collected 8 gold pieces.

Inventory:

Armour
 g - a +0 pair of boots (worn)
Jewellery
 h - a ring of willpower
Scrolls
 i - a scroll of immolation {unknown}
 j - a scroll of amnesia {unknown}
 m - a scroll of teleportation {unknown}
Potions
 a - a potion of flight {unknown}
 b - a potion of heal wounds {unknown}
 c - 3 potions of curing {unknown}
 d - a potion of haste {unknown}
 e - 2 potions of attraction {unknown}
 f - a potion of magic {unknown}
 k - a potion of degeneration {unknown}
 l - a potion of ambrosia {unknown}


   Skills:
 + Level 1.1 Fighting
 + Level 2.0 Dodging
 + Level 0.5 Stealth
 + Level 4.0 Unarmed Combat
 + Level 2.3 Spellcasting
 + Level 2.5 Transmutations


You had 2 spell levels left.
You knew the following spells:

 Your Spells              Type           Power      Damage    Failure   Level
a - Beastly Appendage     Tmut           16%        N/A       9%          1
b - Wereblood             Tmut           8%         N/A       12%         2
c - Summon Small Mammal   Summ           4%         N/A       22%         1

Your spell library contained the following spells:

 Spells                   Type           Power      Damage    Failure   Level
 Freeze                   Ice            4%         1d3       22%         1
 Spider Form              Tmut/Pois      2%         N/A       38%         3
 Call Canine Familiar     Summ           1%         N/A       56%         3
 Frozen Ramparts          Ice            2%         1d2       56%         3
 Summon Guardian Golem    Hex/Summ       1%         N/A       56%         3
 Ice Form                 Ice/Tmut       5%         N/A       80%         4
 Hailstorm                Conj/Ice       1%         3d3       92%         4


Dungeon Overview and Level Annotations

Branches:
Dungeon (3/15)

Altars:


Innate Abilities, Weirdness & Mutations

Your plain brown scales are hard. (AC +5)
You cannot fit into any form of body armour.
You are cold-blooded and may be slowed by cold attacks.


Message History

HP restored.
A quokka comes into view.
Casting: Wereblood (safe; 12% risk of failure)
Confirm with . or Enter, or press ? or * to list all spells.
Your blood is infused with primal strength.
You barely miss the quokka. The quokka closely misses you.
You barely miss the quokka.
The quokka bites you but does no damage.
You hit the quokka.
The quokka is severely wounded.
The quokka closely misses you.
You closely miss the quokka. You tail-slap the quokka.
You kill the quokka!
Your Unarmed Combat skill increases to level 4!
Your primal bloodlust is almost over.
You howl as the wereblood boils in your veins!
Your primal bloodlust has ended.
Found a stone staircase leading up.
Found a scroll labelled NUBOSH TOENO.
m - a scroll labelled NUBOSH TOENO
Found 26 stones.
Found an escape hatch in the ceiling.
You see here 26 stones. 2 gnolls come into view.
The gnoll shouts! x2
A gnoll comes into view. It is wielding a +0 whip.
Casting: Wereblood (safe; 12% risk of failure)
Confirm with . or Enter, or press ? or * to list all spells.
Your blood is infused with primal strength.
The gnoll shouts!
You hit the gnoll. You tail-slap the gnoll.
The gnoll is severely wounded.
The gnoll hits you with a +0 halberd! The gnoll hits you but does no damage.
You hit the gnoll but do no damage. The gnoll hits you with a +0 halberd.
The gnoll hits you with a +0 club. The gnoll misses you.
You barely miss the gnoll.
The gnoll is severely wounded.
The gnoll hits you from afar with a +0 halberd!
You die...

#.####### #........
#..#####.# ## #..# #.#. .#
# #..# .#.### .# ###..# .
..# .# .#...##... #.#.# g#
#..........#<#.###.#
##.........#....@gg#
#.#.####.#####.##### ..#.#
#####.##### #.#.#
#........# #.#+##
#.##...#.# #....## #.
#.#(#.# #.....##
#....#...# ......<#
#..#####.#
........###....#...###.###


You could see 2 gnolls.

Vanquished Creatures
  An adder (D:3)
  2 dart slugs
  5 endoplasms
  3 giant cockroaches
  6 goblins
  5 hobgoblins
  2 jackals (D:2)
  A kobold (D:1)
  2 quokkas
  4 ball pythons
  7 bats
  A rat (D:2)
39 creatures vanquished.

Notes
Turn   | Place    | Note
-------+----------+-------------------------------------------
     0 | D:1      | spaced the Draconian Transmuter began the quest for the
                  | Orb.
     0 | D:1      | Reached XP level 1. HP: 16/16 MP: 3/3
   150 | D:1      | Reached XP level 2. HP: 16/23 MP: 3/5
   157 | D:1      | Learned a level 2 spell: Wereblood
   534 | D:1      | Learned a level 1 spell: Summon Small Mammal
  1062 | D:2      | Reached XP level 3. HP: 9/28 MP: 6/6
  1509 | D:2      | Found a faded altar of an unknown god.
  1960 | D:3      | Reached skill level 4 in Unarmed Combat
  2070 | D:3      | Slain by a gnoll

Illustrated notes

Levels and vault maps discovered:
D:1:      sevenhm_arrival_forest_fort_large_3, layout_rooms
D:2:      layout_rooms, ebering_ecumenical_altar_webs, feat_on_display
D:3:      layout_loops_corners

Skill      XL: |  1  2  3 |
---------------+----------+-----
Dodging        | 2 |  2.0
Unarmed Combat | 4 |  4.0
Fighting       | |  1.1
Stealth        | |  0.5
Spellcasting   | |  2.3
Transmutations | |  2.5

Action                   || total
-------------------------++-------
Melee: Unarmed           ||   122
       Headbutt          ||     4
       Tailslap          ||    15
       Kick              ||     5
       Punch             ||     2
 Cast: Beastly Appendage ||     7
       Wereblood         ||    11
  Use: Scroll            ||     2
 Stab: Sleeping          ||     1
Armor: Skin              ||    27
Dodge: Dodged            ||    69
